Cogmind - Beta 12 @@@ ROGUE MODE // 2023.08.22 @ 15:35:03 Player: Pitt Result: Destroyed by G-47 Trooper with Particle Gun Performance ------------- Evolutions (1) 500 Regions Visited (2) 400 Robots Destroyed (30) 150 Value Destroyed (680) 680 Prototype IDs (1) 20 Alien Tech Used (0) 0 Bonus (0) 0 TOTAL SCORE: 1750 Bonus ------- None Cogmind --------- Core Integrity 0/400 Matter 300/300 Energy 100/100 System Corruption 0% Temperature Cool (9) Movement Core (50) Location -9/Materials Parts ------- > --- POWER (1) -------- (None) > --- PROPULSION (4) --- (None) > --- UTILITY (2) ------ (None) > --- WEAPON (2) ------- Katana > --- INVENTORY (5) ---- Heat Sink Visual Processing Unit Sensor Array Hacking Suite Beam Cannon Peak State ------------ > --- POWER ------------ Heavy Ion Engine > --- PROPULSION ------- Hover Unit Hover Unit Hover Unit Hover Unit > --- UTILITY ---------- Improved Heat Sink Small Storage Unit > --- WEAPON ----------- Katana Katana > --- INVENTORY -------- Cooling System Structural Scanner Visual Processing Unit Sensor Array Improved Targeting Computer Hacking Suite Beam Cannon Improved Datajack [Rating: 18] Favorites ----------- Power Heavy Ion Engine Engine Heavy Ion Engine Power Core Light Nuclear Core Propulsion Hover Unit Leg Aluminum Leg Hover Unit Hover Unit Utility Small Storage Unit Device Structural Scanner Storage Small Storage Unit Weapon Beam Cannon Energy Gun Small Laser Energy Cannon Beam Cannon Ballistic Gun Assault Rifle Slashing Weapon Katana Build | -11 -10 -9 ------- Run | Jun Mat Mat Slots Evolved 2 | . . 2 Power . | . . . Propulsion 2 | . . 2 Utility . | . . . Weapon . | . . . Parts Attached 28 | 7 7 14 Power 4 | 1 1 2 Engine 3 | 1 . 2 Core 1 | . 1 . Reactor . | . . . Propulsion 9 | 2 1 6 Treads . | . . . Leg 4 | 2 1 1 Wheel . | . . . Hover 5 | . . 5 Flight . | . . . Utility 9 | 2 3 4 Device 8 | 1 3 4 Storage 1 | 1 . . Processor . | . . . Hackware . | . . . Protection . | . . . Artifact . | . . . Weapon 6 | 2 2 2 Energy Gun 1 | 1 . . Energy Cannon 2 | . 2 . Ballistic Gun 1 | 1 . . Ballistic Cannon . | . . . Launcher . | . . . Special Weapon . | . . . Impact Weapon . | . . . Slashing Weapon 2 | . . 2 Piercing Weapon . | . . . Special Melee Weapon . | . . . Unidentified Prototypes 1 | . . 1 Parts Lost 11 | . . 11 Power 2 | . . 2 Propulsion 5 | . . 5 Utility 3 | . . 3 Weapon 1 | . . 1 Highest Loss Streak 10 | . . 10 To Critical Strikes . | . . . Average Slot Usage (%) 93 | . 96 92 Engine 9 | . 8 9 Core 2 | . 5 . Leg 9 | . 24 . Hover 24 | . . 39 Device 11 | . 14 9 Storage 11 | . 14 10 Energy Gun 1 | . 2 . Energy Cannon 15 | . 22 11 Ballistic Gun 1 | . 2 . Slashing Weapon 6 | . . 10 Naked Turns . | . . . Heaviest Build 20 | 14 17 20 Greatest Support 24 | 20 20 24 Greatest Overweight (x) 2 | . 1 2 Average Overweight (x) . | . . . Largest Inventory Capacity 8 | 8 8 8 Average Capacity 7 | 7 8 7 Most Carried 8 | 3 8 8 Average Carried 6 | 1 6 7 Final Capacity 8 | 8 8 5 Final Carried 8 | 3 8 5 Class Distribution -------------------- 53% | Mutant 46% | Scavenger-Mutant Dominant Class ---------------- Mutant | -10/Materials Scavenger-Mutant | -9/Materials Resources | -11 -10 -9 ----------- Run | Jun Mat Mat Matter Collected 484 | 216 48 220 Remotely . | . . . Salvage Created 915 | 43 343 529 Parts 80 | 5 31 44 Haulers Intercepted . | . . . Recyclers Shooed 1 | . 1 . Parts Field Recycled . | . . . Retrieved Matter . | . . . Parts Self-Destructed . | . . . Prevented . | . . . Kills | -11 -10 -9 ------- Run | Jun Mat Mat Combat Hostiles Destroyed 20 | . 7 13 Melee 12 | . . 12 Guns 1 | . 1 . Cannons 7 | . 6 1 Classes Destroyed 9 | 1 6 2 Worker 1 | . 1 . Builder 2 | . 1 1 Tunneler 3 | 2 1 . Operator 2 | . 1 1 Watcher 2 | . 2 . Swarmer 6 | . 3 3 Grunt 11 | . 4 7 Duelist 1 | . . 1 Sentry 2 | . . 2 Best Kill Streak 7 | 1 5 7 Combat Bots Only 7 | . 3 7 Max Kills in Single Turn 2 | 1 2 1 Gunslinging . | . . . Exploded . | . . . Melee 1 | . . 1 Uniques/NPCs Destroyed . | . . . Combat | -11 -10 -9 -------- Run | Jun Mat Mat Damage Taken 1305 | . 212 1093 Core 459 | . 42 417 Absorbed by Shields . | . . . Core Remaining (%) 91 | 100 83 . Volleys Fired 41 | 7 29 5 Largest 2 | 2 2 1 Hottest 120 | 60 120 60 Shots Fired 74 | 14 55 5 Gun 19 | 14 5 . Cannon 55 | . 50 5 Launcher . | . . . Special . | . . . Kinetic 11 | 7 4 . Thermal 63 | 7 51 5 Explosive . | . . . Electromagnetic . | . . . Robot Hit Streak 9 | 3 9 3 Robot Miss Streak 5 | 3 5 1 Penetration Max . | . . . Secondary Targets . | . . . Shots Hit Robots 68 | 7 27 34 Core Hits 29 | 2 14 13 Critical Kills . | . . . Critical Parts Destroyed . | . . . Critical Strikes 2 | . . 2 Sever 2 | . . 2 Melee Attacks 42 | . . 42 Impact . | . . . Slashing 42 | . . 42 Piercing . | . . . Sneak Attacks 1 | . . 1 Combat Hostiles . | . . . Follow-up Attacks 7 | . . 7 Damage Inflicted 1641 | 83 490 1068 Guns 138 | 83 55 . Cannons 505 | . 435 70 Explosions . | . . . Melee 998 | . . 998 Ramming . | . . . Kinetic 82 | 37 45 . Thermal 561 | 46 445 70 Explosive . | . . . Electromagnetic . | . . . Impact . | . . . Slashing 998 | . . 998 Piercing . | . . . Highest Corruption 4 | . 4 . Average Corruption 3 | . 3 . Corruption Purged . | . . . Corruption Blocked . | . . . Effects 2 | . 2 . Misfires 1 | . 1 . Weapon Failures 1 | . 1 . Overload Shots . | . . . Overflow Damage 88 | . 23 65 Projectiles 23 | . 23 . Explosions . | . . . Melee 65 | . . 65 Knockbacks . | . . . Impact . | . . . Kinetic . | . . . Secondary . | . . . Self-Inflicted Damage . | . . . Shots . | . . . Rammed . | . . . Targets Rammed . | . . . Kicked . | . . . Crushed . | . . . Highest Temperature 380 | . 380 84 Average Temperature 138 | . 160 34 Received Heat Transfer 567 | . 66 501 Effects 2 | . 2 . Shutdowns 1 | . 1 . Energy Bleed 1 | . 1 . Siege Activations . | . . . Robots Corrupted . | . . . Combat Hostiles . | . . . Parts Fried . | . . . Impact Corruptions . | . . . Robots Melted . | . . . Combat Hostiles . | . . . Parts Melted 1 | . 1 . Heat Transferred 1198 | 100 950 148 Parts Sabotaged . | . . . Parts Stolen . | . . . Parts Stripped . | . . . Power Chain Reactions . | . . . Missiles Intercepted . | . . . Alert | -11 -10 -9 ------- Run | Jun Mat Mat Peak Influence 390 | 10 211 390 Initial 89 | . 6 89 Average 118 | 4 89 165 Maximum Alert Level 1 | . 1 1 Low Security (%) 79 | 100 94 65 Level 1 20 | . 5 34 Level 2 . | . . . Level 3 . | . . . Level 4 . | . . . Level 5 . | . . . High Security . | . . . Max Security . | . . . Squads Dispatched 4 | . 1 3 Investigation 2 | . . 2 Extermination . | . . . Reinforcement 2 | . 1 1 Assault . | . . . Garrison . | . . . Intercept . | . . . Searches Triggered . | . . . Construction Impeded . | . . . Haulers Reinforced . | . . . Active Scanning Responses . | . . . Cargo Convoy Interrupts . | . . . Stealth | -11 -10 -9 --------- Run | Jun Mat Mat Distress Signals 4 | . 3 1 Communications Jammed . | . . . Distress Signals . | . . . Times Spotted 34 | . 14 20 Peak Tracking Total 10 | . 4 10 Tactical Retreats 2 | . . 2 Traps | -11 -10 -9 ------- Run | Jun Mat Mat Traps Triggered 2 | . 2 . Indirectly . | . . . Trap Hack Attempts . | . . . Triggered . | . . . Disarmed . | . . . Reprogrammed . | . . . Reused . | . . . Traps Extracted . | . . . Installed . | . . . Triggered . | . . . Machines | -11 -10 -9 ---------- Run | Jun Mat Mat Machines Disabled . | . . . Max in Single Turn . | . . . Machines Repaired . | . . . Machines Sabotaged . | . . . Overloaded Fab Kills . | . . . Hacking | -11 -10 -9 --------- Run | Jun Mat Mat Machines Accessed 3 | . . 3 Terminals 1 | . . 1 Fabricators . | . . . Repair Stations 1 | . . 1 Recycling Units 1 | . . 1 Scanalyzers . | . . . Garrison Access . | . . . Total Hacks 8 | . . 8 Successful 3 | . . 3 Failed 5 | . . 5 Catastrophic 2 | . . 2 Database Lockouts . | . . . Manual 2 | . . 2 Terminals 1 | . . 1 Fabricators . | . . . Repair Stations 3 | . . 3 Recycling Units 4 | . . 4 Scanalyzers . | . . . Garrison Access . | . . . Terminal Hacks . | . . . Fabricator Hacks . | . . . Repair Station Hacks 1 | . . 1 Scan Component 1 | . . 1 Recycling Unit Hacks 1 | . . 1 Report Inventory 1 | . . 1 Scanalyzer . | . . . Garrison Access Hacks . | . . . Unauthorized Hacks 1 | . . 1 Terminals . | . . . Fabricators . | . . . Repair Stations . | . . . Recycling Units 1 | . . 1 Reject 1 | . . 1 Scanalyzers . | . . . Garrison Access . | . . . Data Cores Recovered 1 | . . 1 Used 1 | . . 1 Hacking Detections 3 | . . 3 Full Trace Events 2 | . . 2 Feedback Events . | . . . Feedback Blocked . | . . . Robot Schematics Acquired . | . . . Robots Built . | . . . Authchips . | . . . Time . | . . . Total Robot Build Rating . | . . . Part Schematics Acquired . | . . . Parts Built . | . . . Authchips . | . . . Time . | . . . Total Part Build Rating . | . . . Parts Repaired . | . . . Time . | . . . Parts Recycled . | . . . Recycled Matter . | . . . Retrieved Matter . | . . . Retrieved Components . | . . . Parts Scanalyzed . | . . . Part Schematics Acquired . | . . . Parts Damaged . | . . . Bothacking | -11 -10 -9 ------------ Run | Jun Mat Mat Used RIF Installer . | . . . Robots Hacked . | . . . Non-combat . | . . . Combat . | . . . Robot Hacks Applied . | . . . Relay Couplers Released . | . . . Fabnet Peak Effective % . | . . . Robots Rewired . | . . . Allies Hacked . | . . . Hacks Repelled . | . . . Allies | -11 -10 -9 -------- Run | Jun Mat Mat Total Allies . | . . . Largest Group . | . . . Highest-Rated Group . | . . . Highest-Rated Ally . | . . . Total Orders . | . . . Ally Attacks . | . . . Total Damage . | . . . Kills . | . . . Allies Corrupted . | . . . Allies Melted . | . . . Intel | -11 -10 -9 ------- Run | Jun Mat Mat Robot Analysis Total . | . . . Derelict Logs Recovered . | . . . Drone Launches . | . . . Drone Recoveries . | . . . Exploration | -11 -10 -9 ------------- Run | Jun Mat Mat Turns Passed 813 | 118 252 443 Spaces Moved 420 | 62 103 255 Core 11 | 5 . 6 Treads . | . . . Legs 162 | 57 103 2 Wheels . | . . . Hover 247 | . . 247 Flight . | . . . Fastest Speed 48 | 50 120 48 Average Speed 80 | 114 132 51 Slowest Speed 190 | 120 190 150 Overloaded Moves . | . . . Propulsion Burnouts . | . . . Robots Hopped . | . . . Cave-ins Triggered . | . . . Exploration Rate (%) 17 | 3 24 24 Regions Visited 2 Branch Regions . Pre-discovered Areas . | . . . Known Exits Taken . | . . . Unknown Exits Taken 2 | 1 1 . Scrap Searched . | . . . Spaces Dug 2 | . . 2 Terrain Destroyed 2 | . . 2 Melee 2 | . . 2 Projectile . | . . . AOE . | . . . Terrain Rammed . | . . . Walls Destroyed . | . . . Machines Disabled . | . . . Actions | -11 -10 -9 --------- Run | Jun Mat Mat Total 765 | 91 167 507 Wait 208 | 13 10 185 Move 418 | 61 102 255 Hop . | . . . Pick Up 17 | 3 7 7 Fast Attach 15 | 7 4 4 Attach 3 | . 1 2 Detach 5 | . 5 . Swap 10 | . 2 8 Drop 14 | . 7 7 Fire 41 | 7 29 5 Melee 34 | . . 34 Ram . | . . . Kick . | . . . Crush . | . . . Escape Stasis . | . . . Rewire . | . . . Trap . | . . . Miscellaneous . | . . . Route ------- -11/Junkyard -10/Materials -9/Materials History --------- Turn | Location | Event 3 | -11/Junkyard | Discovered new exit (range 15) 119 | -11/Junkyard | Entered Materials 314 | -10/Materials | Build established: Mutant 335 | -10/Materials | Discovered new exit (range 16) 371 | -10/Materials | Entered another Materials area 371 | -9/Materials | Evolved 2 slots: Propulsion x2 679 | -9/Materials | Build established: Scavenger-Mutant 784 | -9/Materials | Core integrity fell below 50% 798 | -9/Materials | Core integrity fell below 20% 806 | -9/Materials | Destroyed 7 combat bots 814 | -9/Materials | Destroyed by G-47 Trooper with Particle Gun Last Messages --------------- 00794_ U-05 Engineer lays Concrete. 00796_ Hover Unit destroyed. 00796_ U-05 Engineer lays Concrete. 00798_ Acquired 15 matter. 00798_ U-05 Engineer builds a Wall. 00798_ U-05 Engineer lays Concrete. 00799_ G-47 Trooper Aluminum Leg severed. 00799_ U-05 Engineer lays Concrete. 00800_ U-05 Engineer destroyed. 00801_ U-05 Engineer lays Concrete. 00802_ U-05 Engineer builds a Wall. 00802_ Aluminum Leg destroyed. 00804_ U-05 Engineer lays Concrete. 00805_ Katana destroyed. 00806_ G-34 Mercenary destroyed. 00806_ U-05 Engineer lays Concrete. 00806_ Ion Engine destroyed. 00807_ U-05 Engineer lays Concrete. 00811_ The unstable cave ceiling collapses. 00812_ Y-45 Defender destroyed. Map ----- +----------------------------------------------------+ | ??????????????????????????## ##??? ???????? | | ??????????????????????????## ##??? ????????? | | ??????????????????????????## ##??? #???????? | | ??????????????????????????## ##??? ##???????? | | ??????????????????????????## ##?## ##???????? | | ??????????????????????????## ##?## ##???????? | | ??????????????????????????## ##?## ##???????? | | ?????????????????????????### ##### ##???????? | | ?????????????????????????### ##### ##???????? | | ?????????????????????????## ##???????? | | ????????????????????????### ##???????? | | ????????????????????????### * ##???????? | | ????????????????????????##T ! =%| ##???????? | | ????????????????????????### !! ###???????? | | ????????????????????????### ###### | | ?????????????????????????## #########+# | | ?????????????????????????## ! | | ?????????????????????????## | | ?????????????????????????# | | ????????????????????????## ! #####+### | | ?????????? ###+########!/ %= #### | | ?????????? =% = %/ ##??????? | | ?????????? ! * = #### ???? | | ?????????? ![%= + ???? | | ?????????? ##########s## # #### ? | | ?????????????????#### !%@g ##"" ?? | | ????????????????????# ##### ##??????? | | ????????????????????# ##### ##??????? | | ????????????????????# [!! #??##! !##??????? | | ????????????????????# [!! #??###!!!!###??????? | | ????????????????????# [! #??##########??????? | | ????????????????????# #????#######???????? | | ????????????????????# [ #??????????????????? | | ????????????????????###########??????????????????? | | ?????????????????????????????????????????????????? | | ?????????????????????????????????????????????????? | | ?????????????????????????????????????????????????? | | ?????????????????????????????????????????????????? | | ?????????????????????????????????????????????????? | | ?????????????????????????????????????????????????? | | ?????????????????????????????????????????????????? | | ?????????????????????????????????????????????????? | | ?????????????????????????????????????????????????? | | ?????????????????????????????????????????????????? | | ?????????????????????????????????????????????????? | | ?????????????????????????????????????????????????? | | ?????????????????????????????????????????????????? | | ?????????????????????????????????????????????????? | | ?????????????????????????????????????????????????? | | ?????????????????????????????????????????????????? | +----------------------------------------------------+ Best States ------------- Heat Dissipation 42 Energy Generation 14 Energy Capacity 280 Matter Stores 300 Matter Capacity 300 Sight Range 16 Robot Scan Range 14 Terrain Scan Range 16 Terrain Scan Density 10 Evasion (%) 55 Item Schematics ----------------- None Robot Schematics ------------------ None Fabricated ------------ Nothing Alien Tech Used ----------------- None Achievements -------------- None Challenges ------------ None Game ------ Seed FlightAngularMediator Manual? 0 Play Time 00:17:04 Cumulative 160.4 hours Start 2023.08.22 @ 14:30:32 End 2023.08.22 @ 15:35:03 Sessions 1 Manual Loads 0 Difficulty Rogue Special Mode None Game No. 246 Rogue 246 Adventurer 0 Explorer 0 Win Type - Total 0 Types 0/0/0/0/0/0/0/0/0 Lore% 51 Gallery% 57 Achievement% 40 Wizard Run 0 Options --------- ASCII 0 Keyboard 0 Movement Mouse Keybinds 0 Fullscreen 1 Font 12/Smallcaps Map View 83x54 Tactical HUD 1 Map Filters NONE Filters NONE Steam 1 RUN: 4396fd5a-040d-4144-8efb-652a4040a951